 Dungeon Crawl Stone Soup version bcrawl-1.13 (webtiles) character file.

Game seed: 2294126941397594532

240 Camlann the Ducker (level 5, 14/41 HPs)
             Began as a Demonspawn Archaeologist on July 27, 2019.
             Quit the game on level 3 of the Dungeon on July 28, 2019.
             The game lasted 00:03:32 (1687 turns).

Camlann the Ducker (Demonspawn Archaeologist)       Turns: 1687, Time: 00:03:33

Health: 14/41      AC:  6    Str: 12    XL:     5   Next: 79%
Magic:  3/5        EV: 15    Int: 15    God:
Gold:   188        SH:  0    Dex: 12    Spells: 4/4 levels left

rFire    . . .     SeeInvis +   p - +0 falchion
rCold    . . .     Gourm    .   (no shield)
rNeg     . . .     Faith    .   b - +1 robe
rPois    .         Spirit   +   c - +1 hat
rElec    .         Reflect  .   (no cloak)
rCorr    +         Harm     .   (no gloves)
MR       .....                  d - +1 pair of boots
Stlth    ++........             k - amulet of guardian spirit
HPRegen  0.13/turn              h - ring of see invisible
MPRegen  0.09/turn              j - ring of resist corrosion

@: flying
A: spiny 1
a: no special abilities


You were on level 3 of the Dungeon.
You were hungry.

You visited 1 branch of the dungeon, and saw 3 of its levels.

You collected 188 gold pieces.

Inventory:

Hand Weapons
 p - a +0 falchion (weapon)
Missiles
 i - 335 poisoned needles
Armour
 b - a +1 robe (worn)
 c - a +1 hat (worn)
 d - a +1 pair of boots (worn)
 f - the +3 robe of Clouds {+Thunder rCloud rElec}

   It insulates you from electricity.
Jewellery
 h - a ring of see invisible (left hand)
 j - a ring of resist corrosion (right hand)
 k - an amulet of guardian spirit (around neck)
Scrolls
 a - 2 scrolls of teleportation
 o - 2 scrolls of blinking
Potions
 l - 3 potions of heal wounds
 m - a potion of brilliance
 q - a potion of lignification
 r - a potion of flight
Comestibles
 g - 4 rations {!d}
 n - a chunk of flesh


   Skills:
 - Level 3.0 Fighting
   Level 0.8 Maces & Flails
 + Level 7.1 Dodging
 - Level 3.0 Stealth


You had 4 spell levels left.
You didn't know any spells.
Your spell library was empty.

Dungeon Overview and Level Annotations

Branches:
Dungeon (3/12)

Altars:
Gozag


Innate Abilities, Weirdness & Mutations

You are partially covered in sharp spines.


Message History

Some of the chunks of flesh in your inventory have rotted away.
The gnoll misses you. The gnoll hits you with a +0 halberd!
You hit the gnoll. The gnoll is struck by your spines.
The gnoll hits you with a +0 halberd.
You hit the gnoll but do no damage. The gnoll is struck by your spines.
The gnoll misses you.
You hit the gnoll. The gnoll is struck by your spines.
The gnoll closely misses you.
You hit the gnoll.
You kill the gnoll!
As you finish your manual of Dodging, the mysteries of the crate's mechanism unravel in your mind!
The crate's locking mechanism finally gives in, revealing the +3 robe of Clouds {+Thunder rCloud rElec}!
The adder is struck by your spines. The adder bites you but does no damage.
The gnoll hits you from afar with a +1 halberd of flaming.
The gnoll burns you. The adder closely misses you.
Unknown command.
Warning: Cannot find file "HDamage.rc". (~/.crawlrc:1) Welcome back, Camlann the Demonspawn Archaeologist.

.....## #..........>.#####
....########........##.(...#
...##...............##.....#
####...........#..#........#
...<..)..Kg...##..#.##.....#
###...#######K##....)......#
#... #.####..######## #...
#g####..# #...
#..S@...######### #...
#####.#......<..# #...
##.###.#.##.# .... ###
#.#........ #.#..#.####
#.#..# # #..... #######


You could see a gnoll and an adder.

Vanquished Creatures
  An ogre (D:3)
  A bullfrog (D:3)
  3 gnolls (D:3)
  2 worms
  A leopard gecko (D:2)
  An orc (D:3)
  A ball python (D:2)
  4 giant cockroaches
  8 goblins
  6 hobgoblins
  8 jackals
  A quokka (D:3)
  6 bats
  2 frilled lizards (D:2)
  5 kobolds
  A rat (D:1)
51 creatures vanquished.

Notes
Turn   | Place    | Note
-------+----------+-------------------------------------------
     0 | D:1      | Camlann the Demonspawn Archaeologist began the quest for
                  | the Orb.
     0 | D:1      | Reached XP level 1. HP: 15/15 MP: 1/1
   143 | D:1      | Gained mutation: You are partially covered in sharp spines.
                  | [demonic ancestry]
   143 | D:1      | Reached XP level 2. HP: 16/22 MP: 2/2
   750 | D:2      | Found an opulent altar of Gozag.
   801 | D:2      | Reached XP level 3. HP: 28/29 MP: 3/3
   949 | D:2      | Reached skill level 3 in Dodging
  1269 | D:2      | Found a faded altar of an unknown god.
  1442 | D:3      | Noticed an ogre
  1454 | D:3      | Noticed a bullfrog
  1469 | D:3      | Killed a bullfrog
  1469 | D:3      | Reached skill level 5 in Dodging
  1469 | D:3      | Reached XP level 4. HP: 35/35 MP: 4/4
  1471 | D:3      | Killed an ogre
  1471 | D:3      | Reached skill level 6 in Dodging
  1471 | D:3      | Reached XP level 5. HP: 30/41 MP: 3/5
  1664 | D:3      | Reached skill level 7 in Dodging
  1687 | D:3      | Quit the game

Skill      XL: |  1  2  3  4  5 |
---------------+----------------+-----
Fighting       | 2 3 |  3.0
Dodging        | 5 6 7 |  7.1
Maces & Flails | |  0.8
Stealth        | |  3.0

Action                   |  1- 3 |  4- 6 || total
-------------------------+-------+-------++-------
Melee: Whip              |    78 |       ||    78
       Falchion          |    37 |    15 ||    52
  Use: Scroll            |     7 |       ||     7
       Potion            |     5 |     1 ||     6
 Stab: Sleeping          |     7 |       ||     7
  Eat: Chunk             |     2 |       ||     2
Armor: Robe              |    33 |     1 ||    34
       Skin              |     4 |       ||     4
Dodge: Dodged            |    85 |    16 ||   101
